 Dungeon Crawl Stone Soup version 0.24-a0-504-gcfb02b9d07 (webtiles) character file.

Game seed: 6904290765145936520

8533 LemonEater the Geomancer (level 11, -2/64 HPs)
             Began as a Gargoyle Earth Elementalist on July 16, 2019.
             Was a Believer of Vehumet.
             Splashed by a centaur's acid (11 damage)
             ... on level 10 of the Dungeon.
             The game lasted 00:33:11 (10246 turns).

LemonEater the Geomancer (GrEE)                    Turns: 10246, Time: 00:33:12

Health: -2/64      AC: 13    Str: 13    XL:     11   Next: 32%
Magic:  24/24      EV: 13    Int: 18    God:    Vehumet [**....]
Gold:   493        SH:  0    Dex: 10    Spells: 15/24 levels left

rFire    . . .     SeeInvis .   i - +3 mace (venom)
rCold    . . .     Gourm    .   (no shield)
rNeg     + . .     Faith    .   c - +1 robe
rPois    ∞         Spirit   .   (no helmet)
rElec    +         Reflect  .   x - +1 cloak
rCorr    .         Harm     .   o - +0 pair of gloves
MR       .....                  (no boots)
Stlth    ++........             (no amulet)
HPRegen  0.20/turn              a - +3 ring of protection
MPRegen  0.19/turn              (no ring)

@: corroded
A: hooves 1, deformed body, high mp 1, negative energy resistance 1, electricity
resistance, unbreathing, petrification resistance, rot immunity, AC +8
a: Renounce Religion


You were on level 10 of the Dungeon.
You worshipped Vehumet.
Vehumet was pleased with you.
You were not hungry.

You visited 2 branches of the dungeon, and saw 11 of its levels.

You collected 592 gold pieces.
You spent 99 gold pieces at shops.

Inventory:

Hand Weapons
 i - a +3 mace of venom (weapon)
 l - a +0 mace
 r - a +2 whip of freezing
 t - a +4 flail
Missiles
 b - 208 stones (quivered)
Armour
 c - a +1 robe (worn)
 o - a +0 pair of gloves (worn)
 x - a +1 cloak (worn)
Jewellery
 a - a +3 ring of protection (left hand)
 w - an uncursed ring of positive energy
Wands
 s - a wand of paralysis (19)
 v - a wand of digging (5)
 y - a wand of acid (7)
Scrolls
 f - 3 scrolls of teleportation
 j - 2 scrolls of identify
 m - a scroll of magic mapping
 n - 2 scrolls of fog
 q - 2 scrolls of remove curse
Potions
 e - 7 potions of curing
 g - a potion of agility
 h - a potion of invisibility
 k - a potion of might
 p - a potion of lignification
 u - 3 potions of magic
Comestibles
 d - 20 rations
 z - 5 chunks of flesh


   Skills:
 + Level 5.8 Fighting
 + Level 5.4 Maces & Flails
 + Level 5.6 Armour
 + Level 4.8 Dodging
 - Level 2.1 Stealth
 + Level 7.3 Spellcasting
 + Level 7.8 Conjurations
   Level 0.7 Transmutations
 + Level 9.9 Earth Magic
 + Level 2.5 Evocations


You had 15 spell levels left.
You knew the following spells:

 Your Spells              Type           Power        Failure   Level  Hunger
a - Sandblast             Erth           #####.       1%          1    None
b - Stone Arrow           Conj/Erth      #####.       1%          3    #......
c - Lee's Rapid Deconstr  Erth           #####.....   4%          5    #####..

Your spell library contained the following spells:

 Spells                   Type           Power        Failure   Level  Hunger
 Throw Frost              Conj/Ice       ###...       3%          2    None
 Magic Dart               Conj           ####         1%          1    None
 Passwall                 Tmut/Erth      ####....     1%          2    None
 Searing Ray              Conj           ####..       1%          2    None
 Iskenderun's Mystic Bla  Conj           ####....     4%          4    ###....
 Dazzling Spray           Conj/Hex       ###...       6%          3    #......
 Confusing Touch          Hex            #.....       11%         1    None
 Petrify                  Tmut/Erth      ####....     12%         4    ###....
 Force Lance              Conj/Tloc      ###.....     21%         4    ###....
 Fulminant Prism          Conj/Hex       ###.......   21%         4    ###....
 Confuse                  Hex            #.......     32%         3    #......
 Gell's Gravitas          Tloc           #.........   32%         3    #......
 Cause Fear               Hex            #.........   71%         4    ###....
 Yara's Violent Unravell  Hex/Tmut       #.........   94%         5    #####..
 Metabolic Englaciation   Hex/Ice        #.........   96%         5    #####..
 Silence                  Hex/Air        #.........   96%         5    #####..
 Deflect Missiles         Chrm/Air       #.........   100%        6    ######.
 Discord                  Hex            #.........   100%        8    #######


Dungeon Overview and Level Annotations

Branches:
Dungeon (10/15)            Temple (1/1) D:7             Orc (0/2) D:9
   Lair: D:8-11

Altars:
Ashenzari
Cheibriados
Dithmenos
Elyvilon
Fedhas
Gozag
Hepliaklqana
Kikubaaqudgha
Makhleb
Nemelex Xobeh
Okawaru
Qazlal
Ru
Sif Muna
Trog
Uskayaw
Vehumet
Wu Jian
Xom
Yredelemnul
Zin
The Shining One
Beogh

Shops:
D:4 *

Portals:
Trove: D:10 (give horn of Geryon)


Innate Abilities, Weirdness & Mutations

You are resistant to torment.
Your stone body is resilient. (AC +8)
You are immune to poison.
You resist negative energy. (rN+)
You are resistant to electric shocks. (rElec)
You can survive without breathing.
You are immune to petrification.
You are immune to rotting.
You have large cloven feet.
Armour fits poorly on your strangely shaped body.
You have an increased reservoir of magic. (+10% MP)


Message History

Some of the chunks of flesh in your inventory have rotted away.
Magic restored.
You start resting.
A centaur comes into view. It is carrying a wand of acid (12).
Things that are here:
a +0 long sword; a cursed +0 robe The centaur shouts!
The centaur wields a +0 shortbow.
The centaur shoots an arrow.
The arrow hits you but does no damage.
You see here an arrow.
The centaur shoots an arrow.
The arrow hits you but does no damage.
You start resting.
The centaur zaps a wand.
The bolt of acid hits you!
You are splashed with acid!
The centaur unwields a +0 shortbow.
The centaur closely misses you.
You barely miss the centaur.
The centaur hits you but does no damage.
The centaur zaps a wand.
The bolt of acid hits you!!
* * * LOW HITPOINT WARNING * * *
The acid corrodes you!
You are splashed with acid!
You die...

.○....≈.≈≈≈≈
#R#≈≈.≈.≈≈≈≈≈
#.≈≈≈.≈...... ####
#.≈≈≈.≈≈≈≈≈≈ ..#
.(...≈≈≈≈# #.#
#≈..≈≈≈# ≈ #.#
#..≈≈# ≈≈
#@#######..≈## ≈≈≈
#.c.())))....# ≈≈≈
############.##≈≈≈
#.≈≈#≈≈ ##.≈≈≈#≈
##≈.≈≈≈≈#
##≈≈.≈≈≈≈≈
##≈≈≈.≈≈≈≈≈
#≈≈≈≈.≈≈≈≈≈


You could see a centaur.

Vanquished Creatures
  A hydra (D:9)
  Pikel (D:7)
  Maurice (D:9)
  Joseph (D:7)
  2 centaur skeletons (D:10)
  An efreet (D:10)
  Prince Ribbit (D:8)
  3 hippogriffs
  2 dream sheep (D:9)
  2 yaks (D:9)
  Grum (D:9)
  3 orc warriors
  A water moccasin (D:10)
  A black bear (D:10)
  A sky beast (D:9)
  4 slaves (D:7)
  A necrophage (D:6)
  3 wolves (D:9)
  9 ogres
  A crocodile (D:9)
  4 big kobolds
  4 bullfrogs
  Blork the orc (D:9)
  2 scorpions
  2 howler monkeys (D:10)
  14 wights
  3 electric eels (D:10)
  5 crimson imps
  2 centaur zombies
  A jelly (D:10)
  A quasit (D:10)
  3 orc priests
  A bullfrog skeleton (D:10)
  5 hounds
  Natasha (thrice) (D:3)
  Terence (D:2)
  2 iguanas (D:6)
  10 orc wizards
  10 worker ants
  A hound zombie (D:8)
  A hound skeleton (D:6)
  A worker ant zombie (D:6)
  3 gnolls (D:6)
  7 adders
  2 shadow imps
  An ooze (D:3)
  An adder skeleton (D:9)
  4 worms
  A dart slug (D:2)
  5 leopard geckos
  19 orcs
  2 ball pythons
  2 giant cockroaches (D:1)
  10 goblins
  7 hobgoblins
  10 jackals (D:2)
  13 kobolds
  4 quokkas
  7 bats
  5 frilled lizards
  A quokka skeleton (D:5)
  6 rats
227 creatures vanquished.

Notes
Turn   | Place    | Note
-------+----------+-------------------------------------------
     0 | D:1      | LemonEater the Gargoyle Earth Elementalist began the quest
                  | for the Orb.
     0 | D:1      | Reached XP level 1. HP: 10/10 MP: 3/3
   125 | D:1      | Found a shattered altar of Ashenzari.
   158 | D:1      | Reached skill level 4 in Earth Magic
   158 | D:1      | Reached XP level 2. HP: 15/15 MP: 5/5
   358 | D:1      | Reached XP level 3. HP: 19/19 MP: 6/6
   751 | D:1      | Learned a level 3 spell: Stone Arrow
   988 | D:2      | Reached XP level 4. HP: 12/24 MP: 3/8
  1279 | D:2      | Noticed Terence
  1289 | D:2      | Reached skill level 1 in Conjurations
  1302 | D:2      | Killed Terence
  1302 | D:2      | Reached skill level 5 in Earth Magic
  1343 | D:2      | Reached XP level 5. HP: 10/28 MP: 5/10
  1555 | D:2      | Learned a level 5 spell: Lee's Rapid Deconstruction
  1729 | D:2      | Found a sparkling altar of Nemelex Xobeh.
  1817 | D:3      | Noticed Natasha
  1819 | D:3      | Killed Natasha
  2007 | D:3      | Noticed Natasha
  2017 | D:3      | Killed Natasha
  2042 | D:3      | Noticed Natasha
  2048 | D:3      | Killed Natasha
  2529 | D:3      | Reached XP level 6. HP: 28/32 MP: 11/11
  2998 | D:4      | Found a roughly hewn altar of Beogh.
  3013 | D:4      | Reached skill level 6 in Earth Magic
  3233 | D:4      | Found Afaaxzou's General Store.
  3354 | D:4      | You fall into a shaft and drop 2 floors!
  3441 | D:6      | Reached XP level 7. HP: 36/36 MP: 10/13
  3454 | D:5      | Entered Level 5 of the Dungeon
  3515 | D:4      | Bought a potion of curing for 33 gold pieces
  3515 | D:4      | Bought 2 potions of curing for 66 gold pieces
  3863 | D:4      | Reached skill level 7 in Earth Magic
  4140 | D:5      | Reached skill level 5 in Spellcasting
  4554 | D:5      | Reached skill level 5 in Conjurations
  4554 | D:5      | Reached XP level 8. HP: 34/41 MP: 8/15
  4974 | D:5      | Reached skill level 1 in Fighting
  4974 | D:5      | Reached skill level 1 in Armour
  5041 | D:5      | Reached skill level 1 in Maces & Flails
  5964 | D:6      | Found a glowing golden altar of the Shining One.
  6653 | D:6      | Reached skill level 8 in Earth Magic
  6653 | D:6      | Reached XP level 9. HP: 27/49 MP: 12/17
  6793 | D:6      | Found a burning altar of Makhleb.
  6851 | D:7      | Noticed Joseph
  6858 | D:7      | Killed Joseph
  7045 | D:7      | Found a staircase to the Ecumenical Temple.
  7179 | Temple   | Entered the Ecumenical Temple
  7239 | Temple   | Became a worshipper of Vehumet
  7421 | D:7      | Found a stormy altar of Qazlal.
  7446 | D:7      | Noticed Pikel
  7513 | D:7      | Killed Pikel
  7513 | D:7      | Reached XP level 10. HP: 38/56 MP: 3/19
  7991 | D:8      | Noticed Prince Ribbit
  8000 | D:8      | Killed Prince Ribbit
  8059 | D:8      | Reached skill level 9 in Earth Magic
  8448 | D:9      | Noticed Blork the orc
  8454 | D:9      | Killed Blork the orc
  8455 | D:9      | Gained mutation: Armour fits poorly on your strangely
                  | shaped body. [potion of mutation]
  8455 | D:9      | Gained mutation: You have large cloven feet. [potion of
                  | mutation]
  8455 | D:9      | Gained mutation: You have an increased reservoir of magic.
                  | (+10% MP) [potion of mutation]
  8459 | D:9      | Found a deep blue altar of Sif Muna.
  8509 | D:9      | Found a staircase to the Orcish Mines.
  8620 | D:9      | Found a basalt altar of Yredelemnul.
  8819 | D:9      | Noticed Grum
  8826 | D:9      | Noticed Maurice
  8827 | D:9      | Killed Grum
  8827 | D:9      | Reached * piety under Vehumet
  8827 | D:9      | Offered knowledge of Shock by Vehumet.
  8875 | D:9      | Killed Maurice
  8875 | D:9      | Reached skill level 5 in Fighting
  8875 | D:9      | Reached skill level 1 in Evocations
  9211 | D:9      | Reached skill level 5 in Armour
  9331 | D:9      | Noticed a two-headed hydra
  9338 | D:9      | Killed a two-headed hydra
  9338 | D:9      | Reached skill level 5 in Maces & Flails
  9338 | D:9      | Reached XP level 11. HP: 51/64 MP: 4/23
  9519 | D:10     | Entered Level 10 of the Dungeon
  9905 | D:10     | Reached ** piety under Vehumet
  9905 | D:10     | Offered knowledge of Throw Frost by Vehumet.
  9931 | D:10     | Found a portal to a secret trove of treasure.
 10246 | D:10     | Splashed by a centaur's acid

Levels and vault maps discovered:
D:1:      dpeg_arrival_shrine, layout_basic, minivault_4,
          evilmike_ruin_ashenzari
D:2:      layout_rooms, lemuel_crystal_altar, uniq_terence
D:3:      layout_basic, uniq_natasha
D:4:      minmay_angry_zag, layout_basic, serial_shops, nicolae_shop_trees,
          first_ration, hangedman_decor_slide_cut, kennysheep_orc_chapel
D:5:      layout_gridville, chequers_serial_rivers_room_b
D:6:      layout_loops_corners, tso_metal_star, makhleb_blood_cavern_becter
D:7:      layout_cave_pools, marbit_many_paths,
          minmay_temple_entry_statues_pillars, uniq_pikel, uniq_joseph
D:8:      layout_loops_ring, uniq_prince_ribbit1
D:9:      layout_basic, overflow_temple_1_default, tgw_sif, orc_0_dummy,
          hangedman_ranch [blue_anna_fruit_fields], uniq_grum, uniq_maurice
D:10:     layout_basic, nicolae_trove_entry_columns
Temple:   nicolae_temple_x_marks_the_god

Skill      XL: |  1  2  3  4  5  6  7  8  9 10 |
---------------+-------------------------------+-----
Earth Magic    | 4 5 6 7 8 9 |  9.9
Spellcasting   | 3 4 5 6 7 |  7.3
Conjurations   | 1 2 3 5 6 7 |  7.8
Fighting       | 2 4 5 |  5.8
Armour         | 2 3 5 |  5.6
Maces & Flails | 2 3 5 |  5.4
Dodging        | 2 3 4 |  4.8
Evocations     | 2 |  2.5
Stealth        | |  2.1
Transmutations | |  0.7

Action                   |  1- 3 |  4- 6 |  7- 9 | 10-12 || total
-------------------------+-------+-------+-------+-------++-------
Melee: Spear             |    79 |   112 |     6 |       ||   197
       Mace              |       |       |   156 |   149 ||   305
       Kick              |       |       |       |    22 ||    22
 Cast: Sandblast         |     8 |    14 |    90 |    51 ||   163
       Stone Arrow       |       |     4 |     7 |    16 ||    27
       Lee's Rapid Decon |       |     1 |     6 |    18 ||    25
Evoke: Wand              |       |       |       |     2 ||     2
  Use: Scroll            |     2 |    10 |     7 |     4 ||    23
       Potion            |       |     2 |     2 |     2 ||     6
 Stab: Sleeping          |     5 |     4 |     3 |       ||    12
       Paralysed         |       |       |       |     2 ||     2
       Distracted        |       |       |       |     1 ||     1
  Eat: Chunk             |       |     8 |    16 |    15 ||    39
Armor: Robe              |    11 |    27 |    98 |   109 ||   245
Dodge: Dodged            |    53 |    75 |   153 |   130 ||   411

Table legend:
 A = Non-vault XP
 B = Vault XP
 C = Vault XP percentage of total XP
 D = Non-vault monster count
 E = Vault monster count
 F = Vault count percentage of total count
                 A         B        C        D         E       F
            +---------+---------+-------+---------+---------+-------
      Total |    6839 |    5351 |  43.9 |     191 |      32 |  14.3
            +---------+---------+-------+---------+---------+-------
        D:1 |      47 |       0 |   0.0 |      29 |       0 |   0.0
        D:2 |      94 |      36 |  27.7 |      28 |       1 |   3.4
        D:3 |     114 |      36 |  24.0 |      17 |       1 |   5.6
        D:4 |     233 |     464 |  66.6 |      12 |      10 |  45.5
        D:5 |     690 |       0 |   0.0 |      13 |       0 |   0.0
        D:6 |     580 |     146 |  20.1 |      17 |       2 |  10.5
        D:7 |    1191 |    1109 |  48.2 |      17 |       3 |  15.0
        D:8 |     303 |     268 |  46.9 |       7 |       1 |  12.5
        D:9 |    1367 |    3292 |  70.7 |      24 |      14 |  36.8
       D:10 |    2220 |       0 |   0.0 |      27 |       0 |   0.0
            +---------+---------+-------+---------+---------+-------
